 Dungeon Crawl Stone Soup version 0.20.2-3-g29329e0561 (webtiles) character file.

2477 Alfie the Archer (level 9, -3/86 HPs)
             Began as a Minotaur Hunter on Aug 24, 2020.
             Killed from afar by a dream sheep (14 damage)
             ... with an exploding inner flame
             ... on level 7 of the Dungeon.
             The game lasted 00:22:36 (5220 turns).

Alfie the Archer (Minotaur Hunter)                  Turns: 5220, Time: 00:22:37

Health: -3/86      AC:  9    Str: 17    XL:     9   Next: 27%
Magic:  8/8        EV: 14    Int:  8    God:
Gold:   330        SH:  0    Dex: 14    Spells: 7/8 levels left

rFire    + . .     SeeInvis .   b - +1 short sword
rCold    + + +     Gourm    .   (no shield)
rNeg     . . .     Faith    .   c - +0 leather armour
rPois    .         Spirit   .   (helmet restricted)
rElec    .         Reflect  .   (no cloak)
rCorr    .         Harm     .   u - +2 pair of gloves "Cashreori" {rC+++ Regen+ Str-2 Dex+2}
MR       .....                  q - +0 pair of boots
Stlth    ++........             (no amulet)
Regen    0.7/turn               x - +2 ring of protection
MPRegen  0.2/turn               (no ring)

@: no status effects
A: retaliatory headbutt, horns 2, fire resistance 1, robust 1, sturdy frame 1
a: no special abilities


You were on level 7 of the Dungeon.
You were not hungry.

You visited 1 branch of the dungeon, and saw 7 of its levels.
You also visited: Sewer.

You collected 330 gold pieces.

Inventory:

Hand Weapons
 a - a +1 shortbow
 b - a +1 short sword (weapon)
Missiles
 d - 31 arrows
Armour
 c - a +0 leather armour (worn)
 q - a +0 pair of boots (worn)
 u - the +2 pair of gloves "Cashreori" (worn) {rC+++ Regen+ Str-2 Dex+2}
   (You found it on level 5 of the Dungeon)

   It affects your strength (-2).
   It affects your dexterity (+2).
   It renders you almost immune to cold.
   It increases your rate of regeneration.
Jewellery
 x - a +2 ring of protection (left hand)
Wands
 w - a wand of random effects (22/48)
 y - a wand of polymorph (12/24)
Scrolls
 e - 7 scrolls of teleportation
 f - 2 scrolls of recharging
 g - a scroll of identify
 o - 2 scrolls of remove curse
 A - a scroll of amnesia
Potions
 i - 2 potions of brilliance
 j - 2 potions of lignification
 k - a potion of magic {unknown}
 l - a potion of degeneration {unknown}
 m - 2 potions of heal wounds {unknown}
 p - 3 potions of flight {unknown}
 s - 2 potions of curing
 t - a potion of might {unknown}
 z - 2 potions of haste {unknown}
Books
 v - a book of Conjurations

   Spells                             Type                      Level
   a - Magic Dart                     Conjuration                  1
   b - Searing Ray                    Conjuration                  2
   c - Dazzling Spray                 Conjuration/Hexes            3
   d - Fulminant Prism                Conjuration/Hexes            4
   e - Force Lance                    Conjuration/Translocation    4
   f - Iskenderun's Mystic Blast      Conjuration                  4
Comestibles
 h - 3 meat rations
 n - 3 royal jellies
 r - 4 bread rations


   Skills:
 + Level 7.0 Fighting
 + Level 3.9 Short Blades
 + Level 11.0 Bows
 + Level 3.9 Armour
 + Level 4.0 Dodging
 + Level 1.6 Stealth


You had 7 spell levels left.
You knew the following spells:

 Your Spells              Type           Power        Failure   Level  Hunger
a - Magic Dart            Conj           #...         41%         1    ##.....


Dungeon Overview and Level Annotations

Branches:
Dungeon (7/15)             Temple (0/1) D:5

Altars:
Ashenzari
Dithmenos
Fedhas
Kikubaaqudgha
Nemelex Xobeh
Trog
Xom

Shops:
D:4 *

Annotations:
D:3 1 runed door


Innate Abilities, Weirdness & Mutations

You reflexively headbutt those who attack you in melee.
You have a pair of horns on your head.
Your flesh is heat resistant. (rF+)
You are robust. (+10% HP)
Your movements are slightly less encumbered by armour. (ER -2)


Message History

The dream sheep bleats! x4
You hit the dream sheep.
Your attack snaps the dream sheep out of its fear.
Your headbutt misses the dream sheep.
The dream sheep is almost dead.
The dream sheep burns! x2
The dream sheep explodes!
The fiery explosion engulfs the dream sheep.
The dream sheep explodes!
The fiery explosion engulfs you! You resist.
* * * LOW HITPOINT WARNING * * *
The fiery explosion engulfs the dream sheep.
The dream sheep explodes!
The fiery explosion engulfs the dream sheep.
The dream sheep explodes!
The fiery explosion engulfs you! You resist.
* * * LOW HITPOINT WARNING * * *
Your Dodging skill increases to level 4!
The fiery explosion engulfs you! You resist.
You die...

......###.# #.#
..........# #.###
..........# #...#
..........# ###.#
..........# #.#
#...._.....# #.#
#.......§§.# #.#
#....Y§§§..# #.#
#.....§§@§.# #.#
#.....§§§§.#####.#
.#.#.§§§§).))...#
...#.#.##.#######
#......##.#
#....####.# ......
..# ##### ###


You could see a dream sheep (inner flame).

Vanquished Creatures
  Grinder (D:3)
  The ghost of Alfie the Shooter, an amateur MiHu (D:4)
  An ice beast (D:5)
  2 orc warriors (D:7)
  2 sky beasts
  3 centaurs
  4 ogres
  A big kobold (Sewer)
  A water moccasin skeleton (D:7)
  2 scorpions
  A howler monkey (D:4)
  A crimson imp (D:5)
  3 hounds
  A jelly (D:7)
  An orc priest (D:7)
  A bullfrog skeleton (D:7)
  Natasha (twice) (D:3)
  3 worker ants
  3 iguanas
  4 orc wizards
  A howler monkey zombie (D:5)
  3 gnolls (D:6)
  8 adders
  2 river rats
  3 shadow imps
  2 oozes (D:1)
  2 adder skeletons
  8 worms
  7 leopard geckos
  19 orcs
  A ball python (D:3)
  4 giant cockroaches
  3 goblins
  10 hobgoblins
  9 jackals
  11 kobolds
  2 quokkas
  4 bats
  A frilled lizard (D:3)
  A leopard gecko zombie (D:6)
  11 rats
150 creatures vanquished.

Vanquished Creatures (others)
  A dream sheep (D:7)
1 creature vanquished.

Grand Total: 151 creatures vanquished

Notes
Turn   | Place    | Note
-------+----------+-------------------------------------------
     0 | D:1      | Alfie the Minotaur Hunter began the quest for the Orb.
     0 | D:1      | Reached XP level 1. HP: 18/18 MP: 0/0
    36 | D:1      | Reached XP level 2. HP: 25/25 MP: 1/1
    49 | D:1      | Reached skill level 5 in Bows
   596 | D:1      | Reached XP level 3. HP: 26/30 MP: 2/2
   967 | D:2      | Gained mutation: Your flesh is heat resistant. (rF+) [potion of mutation]
   967 | D:2      | Gained mutation: You are robust. (+10% HP) [potion of mutation]
   967 | D:2      | Gained mutation: Your movements are slightly less encumbered by armour. (ER -2) [potion of mutation]
   987 | D:2      | Found an ancient bone altar of Kikubaaqudgha.
   988 | D:2      | Found a blossoming altar of Fedhas.
  1179 | D:2      | Reached XP level 4. HP: 18/40 MP: 3/3
  1248 | D:2      | Reached skill level 1 in Stealth
  1361 | D:3      | Noticed Natasha
  1382 | D:3      | Noticed a centaur
  1389 | D:3      | Killed a centaur
  1389 | D:3      | Reached skill level 6 in Bows
  1389 | D:3      | Reached skill level 1 in Armour
  1389 | D:3      | Reached XP level 5. HP: 12/48 MP: 4/4
  1446 | D:3      | HP: 1/48 [worm (2)]
  1695 | D:3      | Noticed Grinder
  1707 | D:3      | HP: 1/49 [Grinder (6)]
  1708 | D:3      | Killed Grinder
  1708 | D:3      | Reached skill level 7 in Bows
  1708 | D:3      | Reached XP level 6. HP: 1/56 MP: 5/5
  1832 | D:3      | Killed Natasha
  1857 | D:3      | Noticed Natasha
  1859 | D:3      | Killed Natasha
  2004 | D:3      | Found a shattered altar of Ashenzari.
  2355 | D:3      | Found a runed door.
  2488 | D:4      | Found Jodul's Assorted Antiques.
  2564 | D:4      | Reached XP level 7. HP: 54/64 MP: 6/6
  2877 | D:4      | Found a glowing drain.
  2877 | D:4      | Reached skill level 1 in Short Blades
  2880 | D:4      | Reached skill level 8 in Bows
  2891 | Sewer    | Entered a sewer
  2996 | Sewer    | Found a glowing silver altar of Zin.
  3132 | D:4      | Noticed Alfie's ghost (amateur MiHu)
  3145 | D:4      | Killed Alfie's ghost
  3191 | D:5      | Entered Level 5 of the Dungeon
  3219 | D:5      | Found a shadowy altar of Dithmenos.
  3345 | D:5      | Reached skill level 9 in Bows
  3397 | D:5      | Reached XP level 8. HP: 43/73 MP: 7/7
  3434 | D:5      | Found a staircase to the Ecumenical Temple.
  3502 | D:5      | Got a pair of twisted gloves
  3513 | D:5      | Identified the +2 pair of gloves "Cashreori" {rC+++ Regen+ Str-2 Dex+2} (You found it on level 5 of the Dungeon)
  3570 | D:5      | Found a bloodstained altar of Trog.
  3905 | D:5      | Found a sparkling altar of Nemelex Xobeh.
  4017 | D:5      | Reached skill level 5 in Fighting
  4140 | D:6      | Learned a level 1 spell: Magic Dart
  4368 | D:6      | Reached skill level 10 in Bows
  4830 | D:7      | Reached XP level 9. HP: 85/85 MP: 8/8
  5191 | D:7      | Reached skill level 11 in Bows
  5215 | D:7      | Found a shimmering altar of Xom.
  5220 | D:7      | Killed from afar by a dream sheep

Skill      XL: |  1  2  3  4  5  6  7  8  9 |
---------------+----------------------------+-----
Bows           | 5 6 7 9 10 11 | 11.0
Stealth        | 1 |  1.6
Armour         | 1 2 3 |  3.9
Fighting       | 3 4 6 7 |  7.0
Dodging        | 3 4 |  4.0
Short Blades   | 1 3 |  3.9

Action                   |  1- 3 |  4- 6 |  7- 9 || total
-------------------------+-------+-------+-------++-------
Melee: Short sword       |    45 |    16 |   124 ||   185
       Headbutt          |     6 |     2 |    31 ||    39
 Fire: Shortbow          |    36 |   105 |   279 ||   420
  Use: Scroll            |     5 |     3 |     5 ||    13
       Potion            |     1 |     1 |     1 ||     3
 Stab: Sleeping          |     1 |     1 |       ||     2
  Eat: Bread ration      |       |     1 |     2 ||     3
       Royal jelly       |       |       |     1 ||     1
       Chunk             |       |       |     1 ||     1
Armor: Leather armour    |    10 |     9 |    62 ||    81
Dodge: Dodged            |    39 |    24 |   114 ||   177
